 Dungeon Crawl Stone Soup version 0.31.0 (webtiles) character file.

Game seed: 5852328331986726332

12459 FLACIDUS the Geomancer (level 11, 0/68 HPs)
             Began as a Demonspawn Earth Elementalist on Jan 19, 2024.
             Was an Elder of Makhleb.
             Slain by Joseph
             ... wielding a +0 quarterstaff of speed
              (13 damage)
             ... on level 1 of the Lair of Beasts.
             The game lasted 00:37:06 (11824 turns).

FLACIDUS the Geomancer (DsEE)                      Turns: 11824, Time: 00:37:07

Health: 0/68       AC:  5    Str:  5    XL:     11   Next: 62%
Magic:  0/23       EV: 15    Int: 22    God:    Makhleb [****..]
Gold:   1132       SH:  0    Dex: 25    Spells: 17/26 levels left

rFire   . . .        t - staff of conjuration
rCold   . . .        (no shield)
rNeg    + . .        b - +0 robe "Geyxoon" {rElec rPois Str-3}
rPois   +            H - +0 hat of the Disbelieving Gods {Will+}
rElec   +            B - +1 cloak
rCorr   .            l - +0 pair of gloves
SInv    .            (no boots)
Will    +....        e - amulet of Benevolence {rN+ Regen+ Int+3 Dex+4}
Stlth   +++          k - +6 ring of dexterity
HPRegen 1.11/turn    (no ring)
MPRegen 0.36/turn

%: guardian spirit
@: no status effects
A: claws 2, repulsion field 1, powered by pain 1, magic shield, magic
regeneration, magic link
a: Renounce Religion, Minor Destruction, Lesser Servant of Makhleb, Major
Destruction


You were on level 1 of the Lair of Beasts.
You worshipped Makhleb.
Makhleb was greatly pleased with you.
You visited 3 branches of the dungeon, and saw 12 of its levels.
You also visited: Sewer and Bailey.

You collected 1132 gold pieces.

Inventory:

Hand Weapons
 z - a +3 flail of venom
Missiles
 u - 3 javelins
Armour
 a - a +0 robe
 b - the +0 robe "Geyxoon" (worn) {rElec rPois Str-3}
   (You found it on level 2 of the Dungeon)

   Str-3:     It affects your strength (-3).
   rElec:     It insulates you from electricity.
   rPois:     It protects you from poison
 l - a +0 pair of gloves (worn)
 w - a +0 kite shield
 B - a +1 cloak (worn)
 D - +0 acid dragon scales
 F - a +0 helmet
 H - the +0 hat of the Disbelieving Gods (worn) {Will+}
   (You found it on level 6 of the Dungeon)

   Will+:     It increases your willpower.
 K - a +0 troll leather armour
Magical Staves
 t - a staff of conjuration (weapon)
Jewellery
 e - the amulet of Benevolence (around neck) {rN+ Regen+ Int+3 Dex+4}
   (You found it in a bailey)

   [amulet of regeneration]

   Int+3:     It affects your intelligence (+3).
   Dex+4:     It affects your dexterity (+4).
   rN+:       It protects you from negative energy.
   Regen+:    It increases your rate of health regeneration.
 h - an amulet of reflection
 k - a +6 ring of dexterity (left hand)
 y - a ring of flight
 O - a ring of fire
Talismans
 j - a flux talisman
Wands
 i - a wand of digging (6)
 o - a wand of flame (13)
 E - a wand of roots (6)
 L - a wand of charming (11)
Scrolls
 c - a scroll of immolation
 m - 4 scrolls of noise
 p - 2 scrolls of poison
 s - a scroll of fear
 x - a scroll of enchant armour
 A - 5 scrolls of teleportation
 J - 2 scrolls of fog
 M - 2 scrolls of identify
 N - a scroll of blinking
 P - a scroll of vulnerability {unknown}
Potions
 d - 3 potions of curing {unknown}
 f - 2 potions of magic
 g - a potion of heal wounds
 n - 2 potions of lignification
 q - 2 potions of haste {unknown}
 r - 2 potions of resistance
 v - 2 potions of cancellation {unknown}
 C - 3 potions of mutation {unknown}
 G - 2 potions of invisibility {unknown}
 I - 4 potions of enlightenment
 Q - 2 potions of might {unknown}


   Skills:
 - Level 2.0 Dodging
 - Level 2.0 Stealth
 + Level 5.0 Shields
 + Level 8.4 Spellcasting
 * Level 10.3 Conjurations
 * Level 11.1 Earth Magic


You had 17 spell levels left.
You knew the following spells:

 Your Spells              Type           Power      Damage    Failure   Level
a - Sandblast             Erth           100%       2d20      1%          1
b - Stone Arrow           Conj/Erth      100%       3d13      1%          3
c - Passwall              Erth           55%        N/A       1%          3
d - Sublimation of Blood  Necr           9%         N/A       11%         2

Your spell library contained the following spells:

 Spells                   Type           Power      Damage    Failure   Level
 Brom's Barrelling Bould  Conj/Erth      71%        2d8       1%          4
 Dazzling Flash           Conj/Hex       96%        N/A       2%          3
 Petrify                  Alch/Erth      33%        N/A       7%          4
 Ensorcelled Hibernation  Hex/Ice        18%        N/A       11%         2
 Fugue of the Fallen      Necr           9%         N/A       22%         3
 Ozocubu's Armour         Ice            9%         N/A       22%         3
 Swiftness                Air            9%         N/A       22%         3
 Volatile Blastmotes      Fire/Tloc      18%        2d11      22%         3
 Irradiate                Conj/Alch      24%        3d19      24%         5
 Anguish                  Hex/Necr       4%         N/A       56%         4
 Manifold Assault         Tloc           9%         N/A       56%         4
 Starburst                Conj/Fire      24%        6d8       78%         6
 Maxwell's Capacitive Co  Air            4%         ∞         100%        8


Dungeon Overview and Level Annotations

Branches:
Dungeon (10/15)            Temple (1/1) D:5            Lair (1/5) D:9
    Orc (0/2) D:9           Sewer (visited)          Bailey (visited)

Altars:
Ashenzari
Cheibriados
Dithmenos
Fedhas
Gozag
Hepliaklqana
Kikubaaqudgha
Makhleb
Nemelex Xobeh
Okawaru
Qazlal
Ru
Sif Muna
Trog
Uskayaw
Vehumet
Wu Jian
Xom
Yredelemnul

Annotations:
D:4 2 runed translucent doors, Farlane's ghost, amateur HOMo
D:5 2 transporters, unihiutale's ghost, novice HuWn
Lair:1 3 runed translucent doors, Joseph; Rwicked's ghost, journeyman MiBe


Innate Abilities, Weirdness & Mutations

You have very sharp fingernails.
You are surrounded by a mild repulsion field. (EV +2)
You sometimes gain a little power by taking damage.
When hurt, damage is shared between your health and your magic reserves.
You regenerate magic rapidly.
When low on magic, you restore magic in place of health.


Message History

Confirm with . or Enter, or press ? or * to list all spells.
Aiming: Stone Arrow (safe; 1% risk of failure)
Press: ? - help, Shift-Dir - straight line, f/p - Joseph
Aim: Joseph, wielding a +0 quarterstaff of speed and wearing a +0 ring mail (81% to hit)
You feel a surge of power!
The stone arrow hits Joseph!
Joseph is lightly wounded.
Joseph closely misses you.
Casting: Stone Arrow (safe; 1% risk of failure)
Confirm with . or Enter, or press ? or * to list all spells.
Aiming: Stone Arrow (safe; 1% risk of failure)
Press: ? - help, Shift-Dir - straight line, f/p - Joseph
Aim: Joseph, wielding a +0 quarterstaff of speed and wearing a +0 ring mail (lightly wounded, 81% to hit)
You feel a surge of power!
The stone arrow hits Joseph!!
Joseph is severely wounded.
Joseph barely misses you. Joseph completely misses you.
Casting: Stone Arrow (safe; 1% risk of failure)
Confirm with . or Enter, or press ? or * to list all spells.
Aiming: Stone Arrow (safe; 1% risk of failure)
Press: ? - help, Shift-Dir - straight line, f/p - Joseph
Aim: Joseph, wielding a +0 quarterstaff of speed and wearing a +0 ring mail (severely wounded, 81% to hit)
You feel a surge of power!
The stone arrow misses Joseph.
The stone arrow hits the wolf!!
The wolf is almost dead.
Joseph hits you with a +0 quarterstaff of speed!
Aiming: Sandblast (safe; 1% risk of failure)
Press: ? - help, Q - select action, (/) - cycle Shift-Dir - straight line, f/p - Joseph
Aim: Joseph, wielding a +0 quarterstaff of speed and wearing a +0 ring mail (severely wounded, 87% to hit)
The blast of sand misses Joseph.
The blast of sand hits the wolf!
You kill the wolf!
Makhleb accepts your kill.
You feel better. Joseph completely misses you.
Joseph hits you with a +0 quarterstaff of speed!
* * * LOW HITPOINT WARNING * * *
Joseph is nearby!
Joseph is nearby!
As you read the scroll of fear, it crumbles to dust.
You assume a fearsome visage.
Joseph resists with some effort.
Joseph hits you with a +0 quarterstaff of speed!
You die...

##### ... #.#.##
... ##...# ...
#....# ...
#....### #.#
#......#
#.###....###
#@##......# #
#@#.....## ##P
##.......# #...
#.......## ....#
#........#
.....##..#.....#
......##.#.....#
..........###.##
........### ###
........#


You could see Joseph.

Vanquished Creatures
  A catoblepas (Lair:1)
  A two-headed ogre (D:9)
  2 orc knights (Bailey)
  Jeremiah (D:9)
  A gargoyle (D:8)
  Maggie (D:6)
  A cane toad (Lair:1)
  A rime drake (Lair:1)
  3 komodo dragons (Lair:1)
  Grinder (D:6)
  A troll (D:8)
  A hornet (D:9)
  A vampire (D:9)
  4 basilisks
  2 wyverns
  3 yaks (Lair:1)
  4 water moccasins
  2 acid dragons (D:9)
  Duvessa (D:6)
  10 orc warriors
  2 sky beasts
  Pargi (Sewer)
  2 ice beasts
  2 black bears
  2 ogres (D:7)
  12 wolves (Lair:1)
  4 centaurs
  3 phantoms
  A kobold brigand (D:8)
  3 bullfrogs
  A gnoll sergeant (D:4)
  A scorpion (D:5)
  A brain worm (Sewer)
  10 wights
  Dowan (D:6)
  5 electric eels
  A howler monkey (D:9)
  A bombardier beetle (D:6)
  2 jellies
  5 hounds
  5 orc priests
  4 iguanas
  A gnoll bouda (D:9)
  4 orc wizards
  14 gnolls
  8 adders
  2 white imps
  2 ufetubi (D:7)
  2 dart slugs
  2 ribbon worms
  21 orcs
  5 bats
  9 endoplasms
  4 giant cockroaches
  16 goblins
  10 hobgoblins
  2 jackals (D:2)
  25 kobolds
  3 quokkas
  7 ball pythons
  9 frilled lizards
  7 rats
  A spectral hobgoblin (D:2)
265 creatures vanquished.

Notes
Turn   | Place    | Note
-------+----------+-------------------------------------------
     0 | D:1      | FLACIDUS the Demonspawn Earth Elementalist began the quest
                  | for the Orb.
     0 | D:1      | Reached XP level 1. HP: 13/13 MP: 3/3
   190 | D:1      | Gained mutation: You sometimes gain a little power by
                  | taking damage. [demonic ancestry]
   190 | D:1      | Reached XP level 2. HP: 19/19 MP: 3/5
   292 | D:1      | You fall into a shaft and drop 1 floor!
   540 | D:2      | Reached XP level 3. HP: 24/24 MP: 4/7
   578 | D:2      | Identified the +0 robe "Geyxoon" {rElec rPois Str-3}
  1523 | D:2      | Gained mutation: You have sharp fingernails. [demonic
                  | ancestry]
  1523 | D:2      | Reached XP level 4. HP: 30/30 MP: 4/9
  1597 | D:2      | Learned a level 3 spell: Stone Arrow
  1994 | D:2      | Found a faded altar of an unknown god.
  2513 | D:3      | Reached skill level 3 in Earth Magic
  2909 | D:3      | Found a transporter.
  2922 | D:3      | Found a transporter.
  3142 | D:3      | Reached XP level 5. HP: 19/35 MP: 2/10
  3430 | D:3      | Reached skill level 4 in Earth Magic
  3433 | D:3      | Gained mutation: You regenerate magic rapidly. [demonic
                  | ancestry]
  3433 | D:3      | Reached XP level 6. HP: 32/41 MP: 4/12
  3526 | D:4      | Learned a level 3 spell: Passwall
  3704 | D:4      | Found a large runed translucent door.
  3706 | D:4      | Found a large runed translucent door.
  3885 | D:4      | Found a sparkling altar of Nemelex Xobeh.
  3885 | D:4      | Found a shimmering altar of Xom.
  4041 | D:4      | Found a glowing drain.
  4050 | Sewer    | Entered a sewer
  4246 | Sewer    | Noticed Pargi
  4252 | Sewer    | Killed Pargi
  4253 | Sewer    | Reached skill level 5 in Earth Magic
  4253 | Sewer    | Gained mutation: You are surrounded by a mild repulsion
                  | field. (EV +2) [demonic ancestry]
  4253 | Sewer    | Reached XP level 7. HP: 46/46 MP: 2/14
  4715 | D:4      | Noticed Farlane's ghost (amateur HOMo)
  5048 | D:5      | Entered Level 5 of the Dungeon
  5248 | D:5      | Found a transporter.
  5249 | D:5      | Found a transporter.
  5276 | D:5      | Identified the +0 kite shield of Ifal {rPois rF+ Dex-5}
  5317 | D:5      | Reached skill level 5 in Spellcasting
  5415 | D:5      | Found a broken altar of Ashenzari.
  5438 | D:5      | Found an ancient bone altar of Kikubaaqudgha.
  5440 | D:5      | Found a stormy altar of Qazlal.
  5545 | D:5      | Found a staircase to the Ecumenical Temple.
  5559 | Temple   | Entered the Ecumenical Temple
  5570 | Temple   | Became a worshipper of Makhleb the Destroyer
  5597 | D:5      | Reached skill level 6 in Earth Magic
  5641 | D:5      | Gained mutation: When hurt, damage is shared between your
                  | health and your magic reserves. [demonic ancestry]
  5641 | D:5      | Reached XP level 8. HP: 52/52 MP: 8/16
  6043 | D:5      | Noticed unihiutale's ghost (novice HuWn)
  6629 | D:6      | Noticed Maggie
  6641 | D:6      | Killed Maggie
  6642 | D:6      | Reached skill level 5 in Conjurations
  6642 | D:6      | Reached skill level 7 in Earth Magic
  6773 | D:6      | Noticed Grinder
  6777 | D:6      | Killed Grinder
  6884 | D:6      | Noticed Duvessa
  6884 | D:6      | Noticed Dowan
  6889 | D:6      | Killed Duvessa
  6890 | D:6      | Gained mutation: You have very sharp fingernails. [demonic
                  | ancestry]
  6890 | D:6      | Reached XP level 9. HP: 57/57 MP: 5/18
  6890 | D:6      | Killed Dowan
  6986 | D:6      | Reached skill level 8 in Earth Magic
  7040 | D:6      | Identified the +0 hat of the Disbelieving Gods {Will+}
  7149 | D:6      | Learned a level 2 spell: Sublimation of Blood
  7574 | D:7      | Reached * piety under Makhleb
  7957 | D:7      | Reached skill level 1 in Shields
  8015 | D:7      | Found a blossoming altar of Fedhas.
  8016 | D:7      | Found a bloodstained altar of Trog.
  8016 | D:7      | Found a snail-covered altar of Cheibriados.
  8558 | D:8      | Noticed a gargoyle
  8566 | D:8      | Killed a gargoyle
  8622 | D:8      | Noticed a troll
  8628 | D:8      | Killed a troll
  8667 | D:8      | Reached skill level 9 in Earth Magic
  8707 | D:8      | Identified a scroll of acquirement
  8707 | D:8      | Acquired a staff of conjuration
  8902 | D:8      | Found a flagged portal.
  8907 | Bailey   | Entered a bailey
  8930 | Bailey   | Noticed an orc knight
  8951 | Bailey   | Killed an orc knight
  8952 | Bailey   | Gained mutation: When low on magic, you restore magic in
                  | place of health. [demonic ancestry]
  8952 | Bailey   | Reached XP level 10. HP: 63/63 MP: 1/20
  8980 | Bailey   | Reached ** piety under Makhleb
  9117 | Bailey   | Identified the amulet of Benevolence {rN+ Regen+ Int+3
                  | Dex+4}
  9228 | Bailey   | Noticed an orc knight
  9291 | Bailey   | Killed an orc knight
 10324 | D:9      | Paralysed by a hornet for 1 turns
 10347 | D:9      | Noticed Jeremiah
 10358 | D:9      | Killed Jeremiah
 10359 | D:9      | Reached skill level 10 in Earth Magic
 10383 | D:9      | Found a staircase to the Orcish Mines.
 10484 | D:9      | Noticed a two-headed ogre
 10493 | D:9      | Killed a two-headed ogre
 10732 | D:9      | Reached XP level 11. HP: 68/68 MP: 12/22
 10762 | D:9      | Reached *** piety under Makhleb
 10846 | D:9      | Found a staircase to the Lair.
 11256 | D:10     | Entered Level 10 of the Dungeon
 11377 | Lair:1   | Entered Level 1 of the Lair of Beasts
 11430 | Lair:1   | Found a runed translucent gate.
 11430 | Lair:1   | Found a runed translucent gate.
 11433 | Lair:1   | Found a runed translucent gate.
 11433 | Lair:1   | Noticed Rwicked's ghost (journeyman MiBe)
 11610 | Lair:1   | Noticed a catoblepas
 11646 | Lair:1   | Killed a catoblepas
 11658 | Lair:1   | Reached skill level 10 in Conjurations
 11664 | Lair:1   | HP: 3/68 [wolf (7)]
 11732 | Lair:1   | Reached skill level 11 in Earth Magic
 11802 | Lair:1   | Noticed Joseph
 11816 | Lair:1   | Reached **** piety under Makhleb
 11819 | Lair:1   | Reached skill level 5 in Shields
 11824 | Lair:1   | Slain by Joseph

Illustrated notes

Levels and vault maps discovered:
D:1:      wander_arrival_peaceful_grave, layout_loops_ring
D:2:      layout_basic, dreamdust_ecumenical_altar_drowned_temple
D:3:      gammafunk_steamed_eel, layout_loops_cross, minmay_bisected
D:4:      layout_cave_pods, tso_altar, nicolae_overflow_hidden_temple,
          ebering_ghost_disaster_area, cheibrodos_sewer_entry_bend
D:5:      layout_gridville, nicolae_overflow_macrodata_refinement,
          minmay_temple_entry_grid, gammafunk_ghost_gnarly_gnolls,
          minmay_pentangle
D:6:      layout_gridville, uniq_duvessa, uniq_maggie, uniq_grinder
D:7:      layout_gridville, chequers_temple_overflow_statue_of_worship
D:8:      layout_gridville, enter_bailey_3, minmay_microvault
D:9:      layout_roguey, erik_lair_dragon, minmay_orc_entry_temple_large,
          uniq_jeremiah
D:10:     minmay_goldmine, layout_loops_corners, fungi_pond_lemuel
Temple:   hellmonk_temple_flake
Lair:1:   layout_cave_pods, gammafunk_ghost_ooze,
          chequers_serial_rivers_micro_a, serial_bayou_shore_a, uniq_joseph

Skill      XL: |  1  2  3  4  5  6  7  8  9 10 11 |
---------------+----------------------------------+-----
Stealth        | 2 |  2.0
Dodging        | 2 |  2.0
Spellcasting   | 3 4 5 6 7 8 |  8.4
Earth Magic    | 3 4 5 6 7 9 10 11 | 11.1
Conjurations   | 2 3 4 5 7 9 10 | 10.3
Shields        | 2 4 5 |  5.0

Action                     |  1- 3 |  4- 6 |  7- 9 | 10-12 || total
---------------------------+-------+-------+-------+-------++-------
  Melee: Unarmed           |    23 |     1 |       |       ||    24
         Punch             |     1 |       |       |       ||     1
         Flail             |       |       |     4 |       ||     4
         Staff             |       |       |       |     1 ||     1
   Cast: Sandblast         |    58 |    85 |    56 |    61 ||   260
         Stone Arrow       |       |    20 |   112 |   125 ||   257
         Passwall          |       |     6 |     6 |       ||    12
         Sublimation of Bl |       |       |     5 |       ||     5
  Evoke: Wand              |       |     8 |     2 |     2 ||    12
    Use: Potion            |     1 |       |     3 |     3 ||     7
         Scroll            |       |     5 |    11 |     3 ||    19
   Stab: Sleeping          |       |       |     1 |       ||     1
 Armour: Robe              |    21 |    45 |    43 |    80 ||   189
         Skin              |       |       |     2 |     1 ||     3
  Dodge: Dodged            |    41 |    39 |    55 |   105 ||   240
  Block: Other             |       |    14 |    20 |     2 ||    36
         Reflection        |       |       |     3 |     1 ||     4
